[Event "World Junior U20 Open 2018"]
[Site "Gebze"]
[Date "2018.09.07"]
[Round "4.40"]
[White "Agdelen, Huseyin Can"]
[Black "Secheres, Adrian-Simion"]
[Result "1/2-1/2"]
[ECO "B38"]
[WhiteElo "2280"]
[BlackElo "2408"]
[Annotator "NA"]
[PlyCount "59"]
[EventDate "2018.09.05"]
[EventType "swiss"]
[EventCountry "TUR"]
[SourceTitle "playchess.com"]
[Source "ChessBase"]
[SourceQuality "1"]
[TimeControl "40/5400+30:1800+30"]

1. e4 c5 2. Nf3 Nc6 3. d4 cxd4 4. Nxd4 g6 5. c4 Nf6 6. Nc3 Bg7 7. Be3 O-O 8. Be2 d6 9. O-O Bd7 10. Nc2 Be6 11. f3 Nd7 12. Qd2 Rc8 13. Rab1 a6 14. Nd5 Nc5 15. b3 f5 16. exf5 $14 Bxf5 17. Rbd1 e6 18. Ndb4 Be5 19. Nxc6 bxc6 20. Bg5 Qc7 21. Ne1 d5 22. h3 Bg3 23. Qe3 Nb7 24. f4 Bxe1 25. Rfxe1 Be4 26. cxd5 exd5 27. Bxa6 Ra8 28. Bxb7 Rxa2 29. Rd2 Rxd2 30. Qxd2 1/2-1/2

[Event "World Junior U20 Open 2018"]
[Site "Gebze"]
[Date "2018.09.07"]
[Round "4.41"]
[White "Kilic, Efe Mert"]
[Black "Muradli, Mahammad"]
[Result "0-1"]
[ECO "B90"]
[WhiteElo "2269"]
[BlackElo "2407"]
[Annotator "NA"]
[PlyCount "76"]
[EventDate "2018.09.05"]
[EventType "swiss"]
[EventCountry "TUR"]
[SourceTitle "playchess.com"]
[Source "ChessBase"]
[SourceQuality "1"]
[TimeControl "40/5400+30:1800+30"]

1. e4 c5 2. Nf3 d6 3. d4 cxd4 4. Nxd4 Nf6 5. Nc3 a6 6. h4 {[%emt 0:00:00] B90: Sicilian Najdorf: Unusual White 6th moves, 6 Be3 Ng4 and 6 Be3 e5} e5 7. Nb3 Be6 8. Bg5 Nbd7 9. g3 $146 ({Predecessor:} 9. Qd2 Rc8 10. O-O-O Be7 11. Kb1 b5 12. f3 O-O 13. g4 b4 {1-0 (26) Caruana,F (2811)-Andriasian,Z (2585) chess.com INT 2018}) 9... Be7 10. Qd2 b5 11. Bg2 O-O 12. O-O-O b4 13. Nd5 Bxd5 14. exd5 a5 15. Kb1 Qc7 16. f4 a4 17. Nc1 Rfc8 18. Rhe1 a3 19. b3 h6 20. Bxh6 gxh6 21. fxe5 Nxe5 22. Rxe5 dxe5 23. d6 Qxd6 24. Qxd6 Bxd6 25. Rxd6 Ne8 26. Rxh6 Rab8 27. Nd3 Kg7 28. Ra6 (28. Rh5 {was called for.} f6 29. Be4) 28... Nc7 $19 29. Ra7 Nb5 30. Re7 Nc3+ 31. Kc1 Nxa2+ 32. Kd2 Nc3 33. Rxe5 a2 34. Ra5 Rb5 35. Ra7 Rc7 36. Ra6 Re7 37. Bf3 Rf5 38. Bg4 Rf1 0-1

[Event "World Junior U20 Open 2018"]
[Site "Gebze"]
[Date "2018.09.07"]
[Round "4.42"]
[White "Nikolovski, Nikola"]
[Black "Thilakarathne, G M H"]
[Result "0-1"]
[ECO "B23"]
[WhiteElo "2388"]
[BlackElo "2238"]
[Annotator "ChessBase"]
[PlyCount "90"]
[EventDate "2018.09.05"]
[EventType "swiss"]
[EventCountry "TUR"]
[SourceTitle "playchess.com"]
[Source "ChessBase"]
[SourceQuality "1"]
[TimeControl "40/5400+30:1800+30"]

1. e4 c5 2. Nc3 Nc6 3. f4 g6 4. Nf3 Bg7 5. Be2 d6 6. O-O e6 7. d3 Nge7 8. Qe1 Nd4 9. Nxd4 cxd4 10. Nb1 O-O 11. Nd2 Bd7 12. Nf3 Rc8 13. Bd1 f5 14. Bd2 fxe4 15. dxe4 Qb6 16. Rb1 d5 17. Kh1 dxe4 18. Qxe4 Qc6 19. Qe1 Qd5 20. b3 Bc6 21. Be2 b5 22. Bd3 Nf5 23. Qe2 Rce8 24. Rbe1 e5 25. fxe5 Bxe5 26. Nxe5 Rxe5 27. Qg4 Ne3 28. Rxf8+ Kxf8 29. Qf3+ Qxf3 30. gxf3 Bxf3+ 31. Kg1 Bc6 32. Bxe3 dxe3 33. Kf1 b4 34. Ke2 Kg7 35. c3 bxc3 36. Rc1 Bd7 37. Rxc3 Bg4+ 38. Ke1 Rh5 39. Rc2 Bf5 40. Rc7+ Kf6 41. Bxf5 gxf5 42. Rxa7 Rxh2 43. b4 f4 44. Ra8 Kf5 45. Re8 Rxa2 0-1

[Event "World Junior U20 Open 2018"]
[Site "Gebze"]
[Date "2018.09.07"]
[Round "4.43"]
[White "Macovei, Andrei"]
[Black "Kamer, Kayra"]
[Result "0-1"]
[ECO "B82"]
[WhiteElo "2385"]
[BlackElo "2205"]
[Annotator "NA"]
[PlyCount "82"]
[EventDate "2018.09.05"]
[EventType "swiss"]
[EventCountry "TUR"]
[SourceTitle "playchess.com"]
[Source "ChessBase"]
[SourceQuality "1"]
[TimeControl "40/5400+30:1800+30"]

1. e4 c5 2. Nf3 e6 3. d4 cxd4 4. Nxd4 a6 5. Nc3 Qc7 6. Bd3 Nf6 7. f4 d6 8. Qf3 Be7 {B82: Sizilianisch (Scheveninger System)} (8... b5 9. g4 Bb7 10. g5 Nfd7 11. Be3 Nc5 12. Bd2 Nbd7 13. b4 Nxd3+ 14. cxd3 g6 15. Rc1 Qd8 16. h4 Bg7 {½-½ (37) Fedorchuk,S (2657)-Van Wely,L (2653) Rabat 2015}) 9. Be3 Nbd7 10. g4 Nc5 11. g5 Nfd7 12. O-O-O b5 13. Kb1 Bb7 14. a3 Rb8 {[#]} 15. h4 $146 ({Vorgänger:} 15. Qh3 Bc8 16. f5 Ne5 17. g6 exf5 18. gxf7+ Nxf7 {1-0 (27) Guliyev,N (2555)-Martin,N (1810) Wasselonne 2009}) 15... Ba8 16. h5 b4 17. axb4 Rxb4 18. Na2 Rb8 19. Bc1 f5 20. gxf6 Bxf6 21. Qe3 Qb6 22. Rhe1 O-O 23. f5 exf5 24. Bc4+ Kh8 25. exf5 Ne5 26. Be6 Rfe8 $19 27. h6 Nc4 28. hxg7+ Bxg7 29. Qc3 Na4 30. Qb3 Naxb2 31. Bxc4 Rxe1 32. Rxe1 Nxc4 33. Qxb6 Rxb6+ 34. Nb3 Be5 35. Bh6 Kg8 36. Rg1+ Kf7 37. Rg4 Bd5 38. Kc1 a5 39. Nd4 a4 40. Nc3 a3 41. Nde2 Rb2 0-1

[Event "World Junior U20 Open 2018"]
[Site "Gebze"]
[Date "2018.09.07"]
[Round "4.44"]
[White "Wong, Yinn Long"]
[Black "Gorshtein, Ido"]
[Result "0-1"]
[ECO "B13"]
[WhiteElo "2261"]
[BlackElo "2383"]
[Annotator "NA"]
[PlyCount "88"]
[EventDate "2018.09.05"]
[EventType "swiss"]
[EventCountry "TUR"]
[SourceTitle "playchess.com"]
[Source "ChessBase"]
[SourceQuality "1"]
[TimeControl "40/5400+30:1800+30"]

1. e4 c6 2. d4 d5 3. exd5 cxd5 4. Bd3 Nc6 5. c3 Qc7 6. Ne2 Bg4 7. Na3 {[%emt 0:00:30] B13: Caro-Kann: Exchange Variation and Panov-Botvinnik Attack} (7. O-O Nf6 8. Qe1 Bxe2 9. Qxe2 g6 10. f4 Bh6 11. Nd2 O-O 12. Qf2 e6 13. Qh4 Bg7 14. Nf3 Ne7 {1-0 (49) Piorun,K (2651)-Rodshtein,M (2699) Katowice 2017}) 7... e6 8. Nb5 Qd7 9. Bf4 Rc8 10. a4 Nf6 $146 ({Predecessor:} 10... a6 11. Na3 Bd6 12. Bxd6 Qxd6 13. O-O Nf6 14. Qd2 Bh5 {1-0 (53) Stripunsky,A (2536)-Biag,I (2337) chess.com INT 2017}) 11. O-O Bh5 12. Re1 Bg6 13. Nc1 a6 14. Na3 Nh5 15. Bg5 Be7 16. Qd2 Bd6 17. g3 Nf6 18. f3 Qc7 19. Kg2 Ne7 20. Ne2 Bxd3 21. Qxd3 h5 22. Nc2 Kf8 23. Ne3 Ng6 24. Bxf6 gxf6 $11 25. f4 f5 26. Rf1 Kg7 27. h4 Qb6 28. b3 Qc6 29. Kh2 b5 30. axb5 axb5 31. Rac1 Ne7 32. c4 bxc4 33. bxc4 dxc4 34. Rxc4 Qe4 35. Qxe4 fxe4 36. Kg2 Nd5 37. Nxd5 Rxc4 38. Ne3 Ra4 39. f5 Rb8 40. fxe6 fxe6 41. Rf2 Rb3 42. Nd1 Raa3 43. Kh3 Rxg3+ 44. Kh2 Rad3 0-1

[Event "World Junior U20 Open 2018"]
[Site "Gebze"]
[Date "2018.09.07"]
[Round "4.45"]
[White "Miciano, John Marvin"]
[Black "Petkov, Momchil"]
[Result "1-0"]
[ECO "B22"]
[WhiteElo "2374"]
[BlackElo "2163"]
[Annotator "NA"]
[PlyCount "77"]
[EventDate "2018.09.05"]
[EventType "swiss"]
[EventCountry "TUR"]
[SourceTitle "playchess.com"]
[Source "ChessBase"]
[SourceQuality "1"]
[TimeControl "40/5400+30:1800+30"]

1. e4 c5 2. c3 Nf6 3. e5 Nd5 4. Bc4 Nb6 5. Bb3 c4 6. Bc2 Nc6 7. Nf3 Qc7 8. Qe2 g5 9. e6 dxe6 10. Nxg5 h6 11. Nf3 e5 12. Na3 Be6 13. Nb5 Qb8 14. b3 Bg7 15. Na3 cxb3 16. axb3 Qc7 17. O-O O-O-O 18. Nb5 Qb8 19. Qe3 Nd5 20. Nxa7+ Nxa7 21. Qxa7 Qxa7 22. Rxa7 f5 23. Ra4 b5 24. Ra6 Nc7 25. Rxe6 Nxe6 26. Bxf5 Rd6 27. d4 Rf8 28. Bh3 Kb7 29. Re1 Ra8 30. Nxe5 Bxe5 31. dxe5 Rda6 32. g3 Rd8 33. Bxh6 Nc5 34. Bg5 Nd3 35. Rd1 Nf4 36. Bg2+ Kc7 37. Rxd8 Ne2+ 38. Kf1 Nxc3 39. Ra8 1-0

[Event "World Junior U20 Open 2018"]
[Site "Gebze"]
[Date "2018.09.07"]
[Round "4.46"]
[White "Rodrigue-Lemieux, Shawn"]
[Black "Nikitenko, Mihail"]
[Result "0-1"]
[ECO "A16"]
[WhiteElo "2250"]
[BlackElo "2368"]
[Annotator "NA"]
[PlyCount "86"]
[EventDate "2018.09.05"]
[EventType "swiss"]
[EventCountry "TUR"]
[SourceTitle "playchess.com"]
[Source "ChessBase"]
[SourceQuality "1"]
[TimeControl "40/5400+30:1800+30"]

1. Nf3 Nf6 2. g3 g6 3. Bg2 Bg7 4. O-O O-O 5. d3 d5 6. c4 c6 7. Nc3 Re8 {[%emt 0:01:30] A16: Englische Eröffnung} (7... dxc4 8. dxc4 Qxd1 9. Rxd1 Be6 10. b3 Ne4 11. Nxe4 Bxa1 12. Ba3 Bf5 13. Nc5 Bf6 14. Nxb7 a5 15. h3 a4 16. b4 Ra7 17. Nc5 {0-1 (54) Ernst,S (2546)-Sokolov,I (2565) Amsterdam 2018}) 8. Bg5 h6 9. Bd2 e5 10. cxd5 cxd5 11. Qc1 Kh7 12. d4 $146 ({Vorgänger:} 12. Nb5 Nc6 13. e3 Bf5 14. Ne1 Rc8 15. Qc5 Bf8 {0-1 (15) Rudolph,K-Rusche,J Oberhof 1999}) 12... e4 13. Ne5 Nc6 14. Nxc6 bxc6 15. Na4 Ba6 16. Re1 Ng4 17. h3 e3 18. hxg4 exf2+ 19. Kxf2 Qf6+ 20. Bf3 Qxd4+ 21. Kg2 Qxa4 22. Bxh6 Bxe2 23. Bxe2 $11 Qe4+ 24. Bf3 Qxe1 25. Qxe1 Rxe1 26. Rxe1 Kxh6 27. Rc1 Rb8 28. Rxc6 Rxb2+ 29. Kh3 d4 30. Ra6 Rf2 31. Be4 Re2 32. Bc6 Re7 33. Ra5 Be5 34. Kg2 Kg5 35. Kf3 f6 36. Rc5 Rh7 37. Rc2 Rh3 38. Rg2 Rh1 39. Be4 Re1 40. Re2 Rc1 41. Rd2 Rc3+ 42. Rd3 f5 43. gxf5 gxf5 0-1

[Event "World Junior U20 Open 2018"]
[Site "Gebze"]
[Date "2018.09.07"]
[Round "4.47"]
[White "Baenziger, Fabian"]
[Black "Piyumantha, M Sasith Nipun"]
[Result "1-0"]
[ECO "E01"]
[WhiteElo "2360"]
[BlackElo "2139"]
[Annotator "NA"]
[PlyCount "55"]
[EventDate "2018.09.05"]
[EventType "swiss"]
[EventCountry "TUR"]
[SourceTitle "playchess.com"]
[Source "ChessBase"]
[SourceQuality "1"]
[TimeControl "40/5400+30:1800+30"]

1. d4 Nf6 2. c4 e6 3. g3 c5 4. Nf3 cxd4 5. Nxd4 d5 6. Bg2 e5 7. Nf3 d4 8. O-O Nc6 9. e3 Be7 10. exd4 exd4 11. Bf4 Be6 {[%emt 0:02:30] E01: Catalan: Early deviations} (11... O-O 12. Ne5 Nxe5 13. Bxe5 Bc5 14. Nd2 Ng4 15. Bf4 g5 16. Nb3 gxf4 17. Nxc5 fxg3 18. hxg3 Qd6 19. Ne4 Qh6 20. Re1 Be6 21. Qxd4 Rad8 22. Qc5 f5 23. Nc3 Rc8 24. Qe7 Qh2+ 25. Kf1 Bxc4+ {0-1 (37) Gelfand,B (2729)-Inarkiev,E (2702) Nazran 2017}) 12. Nbd2 O-O 13. Re1 Qb6 14. a3 Qxb2 15. Rb1 Qxa3 16. Rxb7 Bb4 $146 ({Predecessor:} 16... Rae8 17. Ng5 Nd8 18. Nxe6 Nxe6 {½-½ (37) Cardona Costa,J (2077)-Bukin,A ICCF email 2012}) 17. Ng5 Bg4 18. Qb1 Bxd2 19. Bxd2 Qa4 20. Ne4 $16 (20. h3 $18 {has better winning chances.} Bh5 21. Rc7) 20... Rac8 21. Nxf6+ gxf6 22. Qe4 Ne5 23. Qf4 Rfe8 24. Bd5 Be6 25. Rxe5 fxe5 26. Qg5+ Kh8 27. Qf6+ Kg8 28. Bxe6 1-0

[Event "World Junior U20 Open 2018"]
[Site "Gebze"]
[Date "2018.09.07"]
[Round "4.48"]
[White "Silva, David"]
[Black "Philippe, Guillaume"]
[Result "0-1"]
[ECO "A47"]
[WhiteElo "2223"]
[BlackElo "2358"]
[Annotator "ChessBase"]
[PlyCount "96"]
[EventDate "2018.09.05"]
[EventType "swiss"]
[EventCountry "TUR"]
[SourceTitle "playchess.com"]
[Source "ChessBase"]
[SourceQuality "1"]
[TimeControl "40/5400+30:1800+30"]

1. d4 Nf6 2. Nf3 e6 3. e3 b6 4. Bd3 Bb7 5. Nbd2 c5 6. c3 Nc6 7. O-O cxd4 8. exd4 Bd6 9. Qe2 Ne7 10. Ne4 Bc7 11. Ne5 Nxe4 12. Bxe4 Bxe4 13. Qxe4 O-O 14. Nd3 Ng6 15. f4 f5 16. Qe2 Ne7 17. c4 Kh8 18. b4 Ng8 19. Bb2 Nf6 20. Rac1 Ne4 21. d5 Qe7 22. Rf3 Rae8 23. Rh3 Qf7 24. dxe6 Rxe6 25. Re3 Rfe8 26. Qc2 Rc6 27. Be5 Rc8 28. c5 bxc5 29. bxc5 d6 30. Qa4 Bb8 31. Bd4 dxc5 32. Be5 Qd7 33. Qc4 Bd6 34. Bxd6 Rxd6 35. Rce1 Rd4 36. Qc2 Qd5 37. Ne5 c4 38. Rh3 Kg8 39. Qe2 c3 40. Qh5 Nf6 41. Qxf5 Rc7 42. Rd3 c2 43. Rc1 Ne4 44. Qh3 Rxd3 45. Nxd3 Rc3 46. Kf1 Rxd3 47. Qc8+ Kf7 48. Qc7+ Kg6 0-1

[Event "World Junior U20 Open 2018"]
[Site "Gebze"]
[Date "2018.09.07"]
[Round "4.49"]
[White "Schitco, Ivan"]
[Black "Akin, Kadir"]
[Result "1-0"]
[ECO "E05"]
[WhiteElo "2358"]
[BlackElo "1974"]
[Annotator "NA"]
[PlyCount "105"]
[EventDate "2018.09.05"]
[EventType "swiss"]
[EventCountry "TUR"]
[SourceTitle "playchess.com"]
[Source "ChessBase"]
[SourceQuality "1"]
[TimeControl "40/5400+30:1800+30"]

1. d4 Nf6 2. c4 e6 3. g3 d5 4. Bg2 Be7 5. Nf3 O-O 6. O-O dxc4 7. Ne5 c5 8. dxc5 Bxc5 9. Nxc4 Nc6 {E05: Katalanisch} 10. Nc3 a6 11. Bf4 Ra7 $146 ({Vorgänger:} 11... Qe7 12. Bd6 Bxd6 13. Qxd6 Qxd6 14. Nxd6 Rb8 15. Na4 b5 {½-½ (62) Gajewski,G (2540)-Durarbayli,V (2368) Dresden 2007}) 12. Na4 Qe7 13. Nxc5 Qxc5 14. Bd6 Qxc4 15. Bxf8 Kxf8 16. Rc1 Qb5 17. Bxc6 bxc6 18. Qd8+ Ne8 19. Qxc8 Rc7 20. Qd8 Qxb2 21. Qd3 Qb5 22. Qxh7 Qxe2 23. Rc2 Qf3 24. Qh8+ Ke7 25. Qh4+ f6 26. Rfc1 Rd7 27. Qb4+ Kf7 28. Qc4 Rd6 29. Rc3 Qf5 30. Qxa6 Rd2 31. Qa7+ Kg6 32. a4 Nd6 33. Qc5 e5 34. Qe3 Ra2 35. Ra3 Rb2 36. Qd3 $18 ({Resist} 36. Rxc6 Ne4 $18) 36... e4 37. Qd4 Re2 38. Rf1 Nf7 39. Qc4 Rd2 40. Qb4 Rc2 41. Qb3 Rd2 42. g4 Qxg4+ 43. Qg3 Kh5 44. Qxg4+ Kxg4 45. f3+ exf3 46. Rfxf3 Ng5 47. h3+ Kh5 48. Rfd3 Rb2 49. a5 Ne4 50. a6 Rb1+ 51. Kg2 Rb2+ 52. Kf3 Nd2+ 53. Rxd2 1-0

[Event "World Junior U20 Open 2018"]
[Site "Gebze"]
[Date "2018.09.07"]
[Round "4.50"]
[White "Arcuti, Davide"]
[Black "Gulden, Egemen"]
[Result "1-0"]
[ECO "E71"]
[WhiteElo "2356"]
[BlackElo "2068"]
[Annotator "NA"]
[PlyCount "115"]
[EventDate "2018.09.05"]
[EventType "swiss"]
[EventCountry "TUR"]
[SourceTitle "playchess.com"]
[Source "ChessBase"]
[SourceQuality "1"]
[TimeControl "40/5400+30:1800+30"]

1. d4 Nf6 2. c4 g6 3. Nc3 Bg7 4. e4 d6 5. h3 O-O 6. Be3 c5 7. d5 {[%emt 0:00:00] E71: King's Indian: 4 e4 d6 5 h3} (7. Nf3 cxd4 8. Nxd4 a6 9. Be2 b6 10. Bf3 Bb7 11. e5 Bxf3 12. Nxf3 dxe5 13. Qxd8 Rxd8 14. Bxb6 Rc8 15. Nd2 Nfd7 16. Be3 {1-0 (64) Jones,G (2666)-Perez Candelario,M (2611) Linares 2018}) 7... e6 8. Bd3 exd5 9. exd5 Nfd7 10. Nf3 Na6 11. O-O Nc7 12. Qd2 f5 $146 ({Predecessor:} 12... a6 13. Bh6 Rb8 14. Rae1 b5 15. b3 f6 16. Ne4 Ne8 17. Bxg7 Kxg7 18. Qc3 b4 19. Qb2 {1-0 (59) Khurtsidze,N (2430)-Calotescu,A (2330) Kusadasi 2006}) 13. Rae1 Ne5 14. Nxe5 Bxe5 15. Bg5 Bf6 16. h4 Bxg5 17. Qxg5 Qxg5 18. hxg5 Bd7 19. f4 Rae8 20. Rd1 Re7 21. Kf2 Rb8 22. a4 a5 23. Rh1 b6 24. Rh6 Rf8 25. Rdh1 Rg7 26. b3 Rff7 27. Nd1 Ne8 28. Ne3 Bc8 29. g3 Bd7 30. Ke2 Bc8 31. Kd2 Bd7 32. Ng2 Kf8 33. Be2 Bc8 34. Ne3 Bd7 35. R1h4 Ke7 36. Bd3 Bc8 37. Ke2 Bd7 38. Kf3 Kd8 39. Rh2 Ke7 40. Rh1 Kd8 41. g4 Ke7 42. gxf5 gxf5 43. Kf2 Kf8 44. Be2 Re7 45. Ng2 Kg8 46. Bh5 Re4 47. Bxe8 Bxe8 48. Rxd6 Rge7 49. Re1 Rxe1 50. Nxe1 Bh5 51. Rxb6 Re2+ 52. Kf1 Re4 53. Ng2 Bd1 54. Rb5 Rd4 (54... Kf8 $142 55. Kf2 (55. Rxc5 Bxb3 56. Rxa5 Rxc4 $18) 55... Kf7 56. Rxa5 Bxb3 57. Rxc5 Bxc4) 55. Ne3 Rxf4+ 56. Kg2 Bh5 57. Rxc5 $18 Rf3 58. d6 1-0

[Event "World Junior U20 Open 2018"]
[Site "Gebze"]
[Date "2018.09.07"]
[Round "4.51"]
[White "Eren, Ataberk"]
[Black "Kalogeris, Ioannis"]
[Result "0-1"]
[ECO "B80"]
[WhiteElo "2180"]
[BlackElo "2352"]
[Annotator "NA"]
[PlyCount "100"]
[EventDate "2018.09.05"]
[EventType "swiss"]
[EventCountry "TUR"]
[SourceTitle "playchess.com"]
[Source "ChessBase"]
[SourceQuality "1"]
[TimeControl "40/5400+30:1800+30"]

1. e4 c5 2. Nf3 e6 3. d4 cxd4 4. Nxd4 Nc6 5. Nc3 Qc7 6. g3 a6 7. Bg2 d6 8. O-O Bd7 9. Re1 Nf6 10. Bg5 {B80: Sizilianisch (Scheveninger System)} (10. Nxc6 bxc6 11. e5 dxe5 12. Qe2 Bd6 13. b3 Nd5 14. Bb2 O-O 15. Na4 Rab8 16. c4 Nb6 17. c5 Nxa4 18. cxd6 Qb6 19. Bxe5 {½-½ (41) Safarli,E (2668)-Gelashvili,T (2563) Minsk 2017}) 10... Be7 11. Nb3 $146 ({Vorgänger:} 11. Nf5 exf5 12. Bxf6 Bxf6 13. Nd5 Qd8 14. exf5+ Kf8 15. g4 g5 16. c4 Be5 17. h4 h6 {½-½ (53) Rakesh,K (2283)-Gusain,H (2461) Warsaw 2017}) 11... h6 12. Be3 Ne5 13. a4 Nc4 14. Bc1 O-O 15. Nd4 Rab8 16. b3 Rfc8 17. Qd3 Na5 18. Bd2 Ng4 19. f4 Nc6 20. h3 Nb4 21. Qf3 Qb6 22. Nce2 Nxc2 23. a5 Nxd4 24. axb6 Nxf3+ 25. Bxf3 Nf6 26. Bb4 Kf8 27. Rad1 Ne8 28. g4 Ra8 29. Ba5 Bh4 30. Rf1 Bb5 31. e5 d5 32. f5 Kg8 33. fxe6 fxe6 34. Nf4 Bxf1 35. Rxf1 Rc5 36. b4 Rb5 37. Be2 Bg3 38. Ng6 Nd6 39. Ne7+ Kh7 40. exd6 Bxd6 41. Bd3+ Kh8 42. Bxb5 axb5 43. Rf7 Kh7 44. Kf2 Rd8 $1 45. Ke3 (45. Nc6 $16 bxc6 46. b7) 45... Rd7 $1 46. Nf5 Bf4+ 47. Kxf4 Rxf7 48. Ke5 exf5 49. gxf5 Rd7 50. Kd4 Kg8 0-1

[Event "World Junior U20 Open 2018"]
[Site "Gebze"]
[Date "2018.09.07"]
[Round "4.52"]
[White "Zrikem, Nassim"]
[Black "Galperin, Platon"]
[Result "1/2-1/2"]
[ECO "A05"]
[WhiteElo "2066"]
[BlackElo "2348"]
[Annotator "NA"]
[PlyCount "101"]
[EventDate "2018.09.05"]
[EventType "swiss"]
[EventCountry "TUR"]
[SourceTitle "playchess.com"]
[Source "ChessBase"]
[SourceQuality "1"]
[TimeControl "40/5400+30:1800+30"]

1. Nf3 Nf6 2. g3 b5 3. Bg2 Bb7 4. O-O e6 5. d3 Be7 6. e4 d6 7. Nbd2 O-O {A05: Réti Opening: 1 Nf3 Nf6} 8. a4 b4 9. Re1 a5 10. e5 (10. Nc4 Nbd7 11. b3 d5 12. exd5 Nxd5 13. Bb2 Bf6 14. Nfe5 Nxe5 15. Nxe5 {½-½ (48) Santos Latasa,J (2576)-Vallejo Pons,F (2707) Leon 2018}) 10... Nfd7 $146 ({Predecessor:} 10... Nd5 11. Ne4 dxe5 12. Nxe5 c5 13. Be3 Nxe3 14. fxe3 Qc7 {0-1 (37) Vistinietzki,I (2290)-Shrentzel,M (2300) Netanya 1993}) 11. h4 dxe5 12. Nxe5 Bxg2 13. Kxg2 Nxe5 14. Rxe5 Nc6 15. Re1 Qd7 16. Nc4 Rad8 17. Be3 f5 18. f3 e5 19. Bf2 Bf6 20. Qd2 Qf7 21. Rad1 Qg6 22. Rh1 h5 23. Qe2 Rde8 24. c3 bxc3 25. bxc3 e4 26. dxe4 fxe4 27. f4 Bxc3 28. Ne3 Bb4 29. Rd5 Nd8 30. Rg5 Qc6 31. Qxh5 Ne6 32. Rg4 Bd2 33. Rd1 $11 ({Better is} 33. f5 $14 Qc5 34. Qg6 Bxe3 35. Bxe3 Qxe3 36. fxe6 Qf3+ 37. Kh2) 33... Bxe3 34. Bxe3 Qc3 35. Kf2 Rd8 36. Re1 Qc2+ 37. Re2 Qxa4 38. Qg6 Qd7 39. h5 Qf7 40. Qxe4 Rde8 41. Qg6 a4 42. Qxf7+ Kxf7 43. Ra2 Ra8 44. Ke2 Rfe8 45. f5 Nc5 46. Rc4 Ra5 47. Kf3 Nd7 48. Rxc7 Rxf5+ 49. Bf4 Re7 50. Rxa4 Rxh5 51. Re4 1/2-1/2

[Event "World Junior U20 Open 2018"]
[Site "Gebze"]
[Date "2018.09.07"]
[Round "4.56"]
[White "Krishna Teja, N."]
[Black "Cirovic, Miroljub"]
[Result "1-0"]
[ECO "E32"]
[WhiteElo "2356"]
[BlackElo "2181"]
[Annotator "NA"]
[PlyCount "67"]
[EventDate "2018.09.05"]
[EventType "swiss"]
[EventCountry "TUR"]
[SourceTitle "playchess.com"]
[Source "ChessBase"]
[SourceQuality "1"]
[TimeControl "40/5400+30:1800+30"]

1. d4 Nf6 2. c4 e6 3. Nc3 Bb4 4. Qc2 O-O 5. a3 Bxc3+ 6. Qxc3 b6 7. Nf3 Bb7 8. g3 d6 9. Bg2 Nbd7 10. O-O Be4 11. b4 Qc8 12. Bb2 Qb7 13. Bh3 c6 14. Nd2 Bg6 15. Bg2 d5 16. f3 c5 17. f4 Bf5 18. e4 dxe4 19. dxc5 bxc5 20. g4 Bxg4 21. Nxe4 Qb6 22. Nxf6+ gxf6 23. Qg3 Kh8 24. Qxg4 cxb4+ 25. Kh1 bxa3 26. Bxa3 Rg8 27. Qd1 Rad8 28. Be7 Qb2 29. Bf3 Rb8 30. Qxd7 Rg6 31. Rad1 Rbg8 32. Qd2 Qb3 33. Be4 Rh6 34. Rg1 1-0

[Event "World Junior U20 Open 2018"]
[Site "Gebze"]
[Date "2018.09.07"]
[Round "4.57"]
[White "Ismayilov, Muhammad"]
[Black "Sawlin, Leonid"]
[Result "0-1"]
[ECO "B06"]
[WhiteElo "2137"]
[BlackElo "2355"]
[Annotator "NA"]
[PlyCount "68"]
[EventDate "2018.09.05"]
[EventType "swiss"]
[EventCountry "TUR"]
[SourceTitle "playchess.com"]
[Source "ChessBase"]
[SourceQuality "1"]
[TimeControl "40/5400+30:1800+30"]

1. e4 g6 2. d4 Bg7 3. Nc3 d6 4. f4 a6 5. Nf3 b5 6. Bd3 Nd7 7. O-O c5 8. dxc5 Nxc5 9. Be3 Bb7 10. Bxc5 dxc5 11. e5 f5 12. exf6 Nxf6 13. Qe2 c4 14. Be4 Nxe4 15. Nxe4 O-O 16. Neg5 Bd5 17. Ne5 Rf5 18. Qe3 Qc7 19. Rad1 Qb7 20. g4 Rf6 21. Rd4 Raf8 22. Rfd1 e6 23. Nh3 Qc7 24. f5 gxf5 25. Nf4 fxg4 26. Nh5 Rf5 27. Nxg7 Rxe5 28. Rxg4 Kh8 29. Qg3 Qa7+ 30. Rdd4 Re2 31. Qc3 e5 32. Nf5 Rxf5 33. Qg3 Rg2+ 34. Qxg2 Bxg2 0-1

[Event "World Junior U20 Open 2018"]
[Site "Gebze"]
[Date "2018.09.07"]
[Round "4.58"]
[White "Ongut, Tamas Gunes"]
[Black "Wadsworth, Matthew J"]
[Result "0-1"]
[ECO "C10"]
[WhiteElo "2121"]
[BlackElo "2351"]
[Annotator "NA"]
[PlyCount "119"]
[EventDate "2018.09.05"]
[EventType "swiss"]
[EventCountry "TUR"]
[SourceTitle "playchess.com"]
[Source "ChessBase"]
[SourceQuality "1"]
[TimeControl "40/5400+30:1800+30"]

1. e4 e6 2. d4 d5 3. Nc3 dxe4 4. Nxe4 Bd7 5. Nf3 Bc6 6. Bd3 Nd7 7. O-O Ngf6 8. Nxf6+ Qxf6 9. c3 {[%emt 0:01:30] C10: French with 3 Nc3: Unusual Black 3rd moves and 3...dxe4} Bxf3 10. Qxf3 Qxf3 11. gxf3 O-O-O (11... Bd6 12. c4 c5 13. Be4 O-O-O 14. Be3 f5 15. dxc5 Bxc5 16. Bc2 Bxe3 17. fxe3 {0-1 (39) Potapov,P (2476)-Jobava,B (2673) Minsk 2015}) 12. Bf4 Be7 13. Rad1 $146 ({Predecessor:} 13. Rae1 Bf6 14. Bc2 g5 15. Bg3 Rdg8 16. Kh1 h5 17. Rg1 h4 18. Be5 Bxe5 19. dxe5 Nf8 {½-½ (19) Schlegel,H (1764)-Friedel,R (1612) Leipzig 2016}) 13... Bf6 14. Rfe1 g6 15. Bc4 Nb6 16. Bb3 Rd7 17. a4 Rhd8 18. Bc1 Nd5 19. Bc2 c6 20. Kg2 a5 21. Bd3 b6 22. Be3 Kb7 23. Be2 h5 24. Rb1 Be7 25. Bc4 Rc7 26. Rbd1 Rcd7 27. Be2 Bd6 28. h3 Bc7 29. Bg5 Re8 30. Bc4 Bd8 31. Bxd8 Rexd8 32. Kg3 Ne7 33. Bb3 b5 34. Bc2 b4 35. Re5 Nd5 36. cxb4 Nxb4 37. Be4 Kb6 38. Rc1 Rxd4 39. Rec5 R8d6 40. h4 f5 41. Bb1 Rd2 42. b3 R6d5 43. R5c3 Rb2 44. Kf4 Rxf2 45. Rg1 Rdd2 46. Kg5 Rg2+ 47. Rxg2 Rxg2+ 48. Kh6 Rb2 49. Bd3 Nd5 50. Rc1 Rxb3 51. Bc4 Rxf3 52. Bxd5 exd5 53. Kxg6 Rg3+ 54. Kxh5 f4 55. Rf1 f3 $19 56. Kh6 d4 57. h5 d3 58. Kh7 d2 59. h6 f2 60. Rd1 0-1

[Event "World Junior U20 Open 2018"]
[Site "Gebze"]
[Date "2018.09.07"]
[Round "4.60"]
[White "De Block, Yordi"]
[Black "Urazayev, Arystanbek"]
[Result "1-0"]
[ECO "E61"]
[WhiteElo "2118"]
[BlackElo "2333"]
[Annotator "NA"]
[PlyCount "73"]
[EventDate "2018.09.05"]
[EventType "swiss"]
[EventCountry "TUR"]
[SourceTitle "playchess.com"]
[Source "ChessBase"]
[SourceQuality "1"]
[TimeControl "40/5400+30:1800+30"]

1. d4 Nf6 2. Bf4 g6 3. e3 Bg7 4. c4 O-O 5. Nc3 d6 6. Nf3 b6 7. Be2 Bb7 8. h3 Nbd7 9. O-O Re8 10. Qc2 e5 11. dxe5 dxe5 12. Bh2 e4 13. Nd2 c5 14. Rfd1 Qe7 15. a4 h5 16. a5 Bc6 17. Ndb1 Rac8 18. axb6 axb6 19. Na3 Ne5 20. Nab5 Ra8 21. Rxa8 Rxa8 22. Nd5 Nxd5 23. cxd5 Bxb5 24. Bxb5 f5 25. d6 Qe6 26. d7 Rd8 27. b4 cxb4 28. Qc7 Qe7 29. Qxb6 Kh7 30. Ba4 Nd3 31. Bd6 Qf6 32. Bc7 Qb2 33. Rf1 Qa2 34. Bb5 Ra8 35. d8=Q Rxd8 36. Bxd8 b3 37. Bc4 1-0